 Dungeon Crawl Stone Soup version 0.28-a0-863-g8cecda6153 (webtiles) character file.

Game seed: 8684926651783299300

1295 siradein the Skirmisher (level 8, 0/43 (64) HPs)
             Began as a Demonspawn Fighter on Nov 16, 2021.
             Slain by a wight (3 damage)
             ... on level 4 of the Dungeon.
             The game lasted 00:12:36 (7099 turns).

siradein the Skirmisher (Demonspawn Fighter)        Turns: 7099, Time: 00:12:37

HP:   0/43 (64)     AC: 19    Str: 17    XL:     8   Next: 30%
MP:   8/8           EV:  8    Int: 10    God:
Gold: 230           SH:  5    Dex: 14    Spells: 7/7 levels left

rFire   x . .      SeeInvis .   p - +2 dagger (protect)
rCold   + . .      Faith    .   (no shield)
rNeg    . . .      Spirit   .   c - +0 chain mail
rPois   +          Reflect  +   h - +0 helmet
rElec   .          Harm     .   q - +0 cloak
rCorr   .          Rampage  .   (no gloves)
Will    .....                   (no boots)
Stlth   ..........              v - amulet of reflection
HPRegen 0.14/turn               l - ring of poison resistance
MPRegen 0.11/turn               u - ring of ice

@: under a protective aura, very heavily drained
A: claws 1, demonic magic 1, weakness stinger 2
a: no special abilities


You were on level 4 of the Dungeon.
You visited 1 branch of the dungeon, and saw 6 of its levels.

You collected 230 gold pieces.

Inventory:

Hand Weapons
 p - a +2 dagger of protection (weapon)
Missiles
 g - 14 poisoned darts (quivered)
 j - 5 silver boomerangs
 n - 96 stones
Armour
 c - a +0 chain mail (worn)
 h - a +0 helmet (worn)
 q - a +0 cloak (worn)
Jewellery
 l - a ring of poison resistance (left claw)
 u - a ring of ice (right claw)
 v - an amulet of reflection (around neck)
Wands
 b - a wand of paralysis (8)
 k - a wand of digging (6)
 o - a wand of flame (30)
Scrolls
 i - 4 scrolls of identify {unknown}
 m - 3 scrolls of teleportation {unknown}
 r - a scroll of fog {unknown}
 s - a scroll of holy word {unknown}
 x - a scroll of blinking {unknown}
Potions
 a - a potion of lignification {unknown}
 d - a potion of might
 e - 2 potions of brilliance {unknown}
 f - 3 potions of heal wounds
 t - 2 potions of magic {unknown}
 w - a potion of haste


   Skills:
 + Level 5.7 Fighting
 - Level 2.3 Maces & Flails
 + Level 4.2 Throwing
 + Level 5.3 Armour
 + Level 4.0 Dodging
 - Level 3.1 Shields


You had 7 spell levels left.
You didn't know any spells.
Your spell library contained the following spells:

 Spells                   Type           Power      Damage    Failure   Level
 Foxfire                  Conj/Fire      0%         2x1d4     99%         1


Dungeon Overview and Level Annotations

Branches:
Dungeon (6/15)
 Temple: D:4-7

Altars:
Okawaru
Qazlal

Shops:
D:1 *   D:3 :   D:4 :


Innate Abilities, Weirdness & Mutations

You have sharp fingernails.
Spells you cast may paralyse adjacent enemies.
You have a tail ending in a sharp stinger.


Message History

The wight hits you with a +3 long sword.
You barely miss the wight.
The wight is heavily damaged.
The wight hits you but does no damage.
You hit the wight.
You tail-slap the wight, but do no damage.
The wight is severely damaged.
The wight hits you with a +3 long sword!
You feel drained.
You are too injured to fight recklessly!
You are too injured to fight recklessly!
You are too injured to fight recklessly!
You are too injured to fight recklessly!
You barely miss the wight.
The wight is severely damaged.
The wight hits you with a +3 long sword.
* * * LOW HITPOINT WARNING * * *
You feel drained.
* * * LOW HITPOINT WARNING * * *
You completely miss the wight.
The wight is severely damaged.
The wight hits you with a +3 long sword.
* * * LOW HITPOINT WARNING * * *
You closely miss the wight.
You tail-slap the wight, but do no damage.
The wight is severely damaged.
You block the wight's attack.
You hit the wight but do no damage.
The wight is severely damaged.
The wight hits you with a +3 long sword!
* * * LOW HITPOINT WARNING * * *
You closely miss the wight.
The wight is severely damaged.
The wight hits you with a +3 long sword.
* * * LOW HITPOINT WARNING * * *
You feel drained.
You closely miss the wight.
The wight is severely damaged.
The wight hits you with a +3 long sword.
You die...

#...........#...####.........†.
#..##...........÷.####........#
###..#...............##..#.(.##.#
#.)........................##...#
#.).........[#...................
#.........########........#.#....
............#.#.#.........####...
.#.....................∩.....#...
.##.....†.......@........).......
###.....#.....#z..........##.....
####.##.#.....#...........#......
..#..........##..................
....#.##....###..................
#..#####.....#..........##.###...
####.#.....#...........##........
§§§#...##..#.#.......#...........
§§§#...##..####.....##...........


You could see a wight.

Vanquished Creatures
  Sigmund (D:3)
  A black bear (D:4)
  2 ogres (D:5)
  A phantom (D:4)
  A water moccasin skeleton (D:6)
  4 killer bees (D:5)
  3 hounds
  Crazy Yiuf (D:2)
  A bullfrog skeleton (D:5)
  Terence (D:2)
  Jessica (D:3)
  2 orc wizards
  3 iguanas
  A scorpion zombie (D:4)
  2 hound skeletons (D:4)
  6 gnolls
  5 adders
  2 white imps
  An ufetubus (D:3)
  2 worms
  A dart slug (D:4)
  16 orcs
  5 bats
  7 endoplasms
  2 giant cockroaches
  9 goblins
  4 hobgoblins
  6 jackals
  2 quokkas
  5 ball pythons
  3 frilled lizards
  7 kobolds
  4 rats
112 creatures vanquished.

Notes
Turn   | Place    | Note
-------+----------+-------------------------------------------
     0 | D:1      | siradein the Demonspawn Fighter began the quest for the
                  | Orb.
     0 | D:1      | Reached XP level 1. HP: 18/18 MP: 1/1
   262 | D:1      | Discovered your monstrous ancestry.
   262 | D:1      | Gained mutation: You have a small tail. [demonic ancestry]
   262 | D:1      | Reached XP level 2. HP: 21/24 MP: 2/2
   299 | D:1      | Found a faded altar of an unknown god.
   304 | D:1      | Got Plato's Compendium of Confrontation
   414 | D:1      | Found Testrey's Assorted Antiques.
  1060 | D:2      | Noticed Terence
  1063 | D:2      | Gained mutation: You have sharp fingernails. [demonic
                  | ancestry]
  1063 | D:2      | Reached XP level 3. HP: 29/29 MP: 3/3
  1079 | D:2      | Killed Terence
  1265 | D:2      | Reached skill level 1 in Throwing
  1265 | D:2      | Gained mutation: You have a tail ending in a sharp stinger.
                  | [demonic ancestry]
  1265 | D:2      | Reached XP level 4. HP: 27/35 MP: 4/4
  1385 | D:2      | Found a runed translucent door.
  1386 | D:2      | Noticed Crazy Yiuf
  2048 | D:3      | Noticed Jessica
  2060 | D:3      | Killed Jessica
  2061 | D:3      | Reached skill level 1 in Dodging
  2061 | D:3      | Gained mutation: Spells you cast may paralyse adjacent
                  | enemies. [demonic ancestry]
  2061 | D:3      | Reached XP level 5. HP: 29/42 MP: 5/5
  2061 | D:3      | Paralysed by a hobgoblin for 3 turns
  2505 | D:3      | Found Liluphidgh's Book Shoppe.
  2542 | D:3      | Noticed Sigmund
  2570 | D:3      | HP: 1/42 [Sigmund/puff of flame (6)]
  2571 | D:3      | Killed Sigmund
  2572 | D:3      | Reached XP level 6. HP: 1/48 MP: 6/6
  3404 | D:2      | Killed Crazy Yiuf
  3984 | D:3      | Reached XP level 7. HP: 19/55 MP: 7/7
  4482 | D:4      | Found Nuderr Peede's Book Emporium.
  4782 | D:4      | Found a stormy altar of Qazlal.
  4860 | D:5      | Entered Level 5 of the Dungeon
  4903 | D:4      | Reached skill level 5 in Fighting
  6090 | D:6      | Found an iron altar of Okawaru.
  6116 | D:5      | Reached skill level 5 in Armour
  6116 | D:5      | Reached XP level 8. HP: 28/58 MP: 8/8
  6368 | D:5      | HP: 2/61 [killer bee (3)]
  7099 | D:4      | Slain by a wight

Illustrated notes

Levels and vault maps discovered:
D:1:      psy_arrival_statuary, layout_loops_ring,
          shapermc_ecumenical_altar_rom_forum, serial_shops, shop
D:2:      layout_rooms, uniq_terence, uniq_crazy_yiuf_cottage
D:3:      layout_loops_ring, serial_shops, shop, uniq_jessica, uniq_sigmund
D:4:      layout_cave_pools, nicolae_qazlal_eye_of_the_storm, serial_shops, shop
D:5:      layout_basic
D:6:      layout_cave_pools, okawaru_trees_1, uniq_duvessa, uniq_eustachio

Skill      XL: |  1  2  3  4  5  6  7  8 |
---------------+-------------------------+-----
Maces & Flails | 2 |  2.3
Armour         | 3 4 5 |  5.3
Shields        | 3 |  3.1
Throwing       | 1 2 3 4 |  4.2
Dodging        | 1 2 3 4 |  4.0
Fighting       | 4 5 |  5.7

Action                   |  1- 3 |  4- 6 |  7- 9 || total
-------------------------+-------+-------+-------++-------
Melee: Flail             |    63 |       |       ||    63
       Tailslap          |     5 |    44 |    59 ||   108
       Unarmed           |    11 |   135 |       ||   146
       Dagger            |       |   138 |   375 ||   513
  Use: Potion            |       |       |     1 ||     1
Armor: Scale mail        |    34 |    12 |       ||    46
       Chain mail        |       |   200 |   237 ||   437
Dodge: Dodged            |    32 |   127 |   168 ||   327
Block: Buckler           |    15 |       |       ||    15
       Other             |       |       |    47 ||    47

Table legend: (Time is in decaauts)
 A = Elapsed time spent in this place.
 B = Non-inter-level travel time spent in this place.
 C = Inter-level travel time spent in this place.
 D = Time resting spent in this place.
 E = Time spent auto-exploring this place.
 F = Levels seen in this place.
 G = Mean time per level.
                   A        B        C        D        E       F      G
               +--------+--------+--------+--------+--------+-----+--------+
         Total |   7127 |   6838 |    289 |   1141 |   4334 |   6 | 1187.8 |
       Dungeon |   7127 |   6838 |    289 |   1141 |   4334 |   6 | 1187.8 |
               +--------+--------+--------+--------+--------+-----+--------+

Top non-repeatable levels by time:
     D:3: 2052 daAuts
     D:5: 1780 daAuts
     D:4: 1301 daAuts
     D:2: 1050 daAuts
     D:1: 823 daAuts
     D:6: 118 daAuts
